 Dungeon Crawl Stone Soup version 0.30.1-11-g7821555f0a (webtiles) character file.

Game seed: 16351525160752942735

3220 fireball365 the Cleaver (level 9, 0/81 HPs)
             Began as a Minotaur Fighter on Oct 31, 2023.
             Was an Initiate of Gozag.
             Killed from afar by a steam dragon (19 damage)
             ... with a ball of steam
             ... on level 8 of the Dungeon.
             The game lasted 00:12:23 (6281 turns).

fireball365 the Cleaver (Minotaur Fighter)          Turns: 6281, Time: 00:12:32

Health: 0/81       AC: 15    Str: 25    XL:     9   Next: 66%
Magic:  0/8        EV:  9    Int:  6    God:    Gozag
Gold:   630        SH:  5    Dex: 10    Spells: 8/8 levels left

rFire   . . .        a - +0 war axe
rCold   + . .        c - +0 buckler
rNeg    . . .        C - +1 chain mail "Buvece" {Regen+ Int+3}
rPois   +            (helmet restricted)
rElec   .            v - +2 cloak
rCorr   .            (no gloves)
SInv    .            (no boots)
Will    .....        n - amulet of guardian spirit Stlth
                     j - ring of protection from cold
HPRegen 1.13/turn    r - ring of poison resistance
MPRegen 0.11/turn

%: guardian spirit
@: gold aura
A: horns 2, retaliatory headbutt, dopey 1
a: Renounce Religion, Potion Petition, Call Merchant, Bribe Branch


You were on level 8 of the Dungeon.
You worshipped Gozag.
Gozag was pleased with you.
You visited 2 branches of the dungeon, and saw 9 of its levels.

You collected 718 gold pieces.
You paid 88 gold pieces to Gozag.

Inventory:

Hand Weapons
 a - a +0 war axe (weapon)
Armour
 c - a +0 buckler (worn)
 e - a +0 chain mail
 v - a +2 cloak (worn)
 C - the +1 chain mail "Buvece" (worn) {Regen+ Int+3}
   (You found it on level 6 of the Dungeon)

   Int:       It affects your intelligence (+3).
   Regen:     It increases your rate of health regeneration.
 G - a +0 plate armour
Jewellery
 j - a ring of protection from cold (left hand)
 n - an amulet of guardian spirit (around neck)
 r - a ring of poison resistance (right hand)
Wands
 b - a wand of flame (10)
 s - a wand of mindburst (14)
 u - a wand of polymorph (7)
Scrolls
 f - 3 scrolls of enchant weapon {unknown}
 h - a scroll of immolation
 m - a scroll of noise
 o - 3 scrolls of blinking {unknown}
 t - 2 scrolls of enchant armour {unknown}
 w - a scroll of fear {unknown}
 x - 3 scrolls of amnesia {unknown}
 y - 3 scrolls of teleportation {unknown}
 A - a scroll of poison {unknown}
 E - a scroll of vulnerability {unknown}
Potions
 d - a potion of might
 g - 3 potions of curing
 i - a potion of flight
 k - a potion of lignification
 l - a potion of brilliance
 p - 2 potions of attraction {unknown}
 q - a potion of ambrosia {unknown}
 z - 2 potions of heal wounds {unknown}
 B - a potion of berserk rage {unknown}
 D - a potion of degeneration {unknown}
 F - a potion of magic {unknown}


   Skills:
 + Level 7.9 Fighting
 + Level 11.3 Axes
 + Level 8.3 Armour
 + Level 2.9 Dodging
 + Level 0.7 Stealth
 + Level 6.1 Shields


You had 8 spell levels left.
You didn't know any spells.
Your spell library contained the following spells:

 Spells                   Type           Power      Damage    Failure   Level
 Cigotuvi's Dreadful Rot  Necr/Pois/Air  0%         N/A       98%         2
 Dazzling Flash           Conj/Hex       0%         N/A       100%        3
 Ignite Poison            Fire/Tmut/Pois 0%         N/A       100%        3
 Portal Projectile        Hex/Tloc       0%         N/A       100%        3
 Tukima's Dance           Hex            0%         N/A       100%        3
 Agony                    Necr           0%         N/A       100%        5
 Blade Hands              Tmut           0%         N/A       100%        5
 Freezing Cloud           Conj/Ice/Air   0%         6-21      100%        5
 Silence                  Hex/Air        0%         N/A       100%        5


Dungeon Overview and Level Annotations

Branches:
Dungeon (8/15)             Temple (1/1) D:4
   Lair: D:8-11

Altars:
Ashenzari
Cheibriados
Elyvilon
Fedhas
Gozag
Hepliaklqana
Nemelex Xobeh
Sif Muna
Uskayaw
Vehumet

Annotations:
D:8 Grum


Innate Abilities, Weirdness & Mutations

You have a pair of horns on your head.
You reflexively headbutt those who attack you in melee.
You are dopey. (Int -2)


Message History

You hit the centaur. You barely miss the wolf.
The wolf is no longer distracted by gold.
You hit Grum.
Grum is no longer distracted by gold.
The centaur hits you but does no damage.
The centaur kicks you but does no damage.
You block the wolf's attack. The steam dragon breathes steam at you.
The ball of steam hits you! Grum hits you with a +0 spear.
The centaur hits you but does no damage.
The centaur kicks you but does no damage.
You hear an angry hiss.
You barely miss the wolf.
The wolf is severely wounded.
You hit Grum but do no damage. You slash the centaur!
You kill the centaur!
You barely miss the steam dragon.
You are engulfed in a cloud of scalding steam.
The wolf bites you but does no damage. Grum barely misses you.
You block the steam dragon's attack. The steam dragon closely misses you.
The wolf barely misses you.
You hit the wolf.
You headbutt the wolf, but do no damage.
The wolf is severely wounded.
You barely miss the steam dragon. You slash Grum!
You are engulfed in a cloud of scalding steam.
The wolf bites you!
* * * LOW HITPOINT WARNING * * *
Grum hits you with a +0 spear!
* * * LOW HITPOINT WARNING * * *
The steam dragon bites you but does no damage.
The steam dragon barely misses you.
It was a potion of curing.
You feel better.
You are engulfed in a cloud of scalding steam.
The wolf bites you.
* * * LOW HITPOINT WARNING * * *
You block the wolf's attack. Grum hits you but does no damage.
The steam dragon breathes steam at you. The ball of steam hits you!!
You die...
Your body crumbles into a pile of gold.

...... ......
....#.# .....#
.......##....
.......#...
.......#.### #.
.......<$..####...
..........§$....#
.##...###$§$..#.#.
#.... ##@h......
..... #$Dg.....#
.#### .........##
...........#
.............#
.........(.....
...........!#..
............##.


You could see Grum, a steam dragon (catching breath) and a wolf.

Vanquished Creatures
  Maggie (D:7)
  Prince Ribbit (D:8)
  Edmund (D:4)
  A black bear (D:5)
  An orc warrior (D:7)
  2 ice beasts
  A sky beast (D:7)
  3 centaurs
  3 wolves (D:8)
  2 ogres
  A phantom (D:6)
  5 kobold brigands
  4 bullfrogs
  3 scorpions
  A hound (D:5)
  3 orc priests
  Crazy Yiuf (D:3)
  6 iguanas
  Terence (D:3)
  An orc wizard (D:5)
  Ijyb (D:3)
  4 gnolls (D:4)
  12 adders
  A shadow imp (D:7)
  3 white imps
  A worm (D:5)
  4 dart slugs
  18 orcs
  2 bats
  9 endoplasms
  3 giant cockroaches (D:3)
  10 goblins
  10 hobgoblins
  7 jackals (D:1)
  26 kobolds
  2 quokkas (D:5)
  8 ball pythons
  2 frilled lizards
  4 rats
169 creatures vanquished.

Notes
Turn   | Place    | Note
-------+----------+-------------------------------------------
     0 | D:1      | fireball365 the Minotaur Fighter began the quest for the
                  | Orb.
     0 | D:1      | Reached XP level 1. HP: 19/19 MP: 0/0
   108 | D:1      | Reached XP level 2. HP: 27/27 MP: 1/1
   386 | D:1      | Reached XP level 3. HP: 33/33 MP: 2/2
   410 | D:1      | Reached skill level 3 in Axes
   786 | D:1      | Gained mutation: You are dopey. (Int -2) [potion of
                  | mutation]
  1269 | D:2      | Found a faded altar of an unknown god.
  1527 | D:2      | Reached XP level 4. HP: 41/41 MP: 3/3
  1746 | D:3      | Found a runed translucent door.
  1747 | D:3      | Noticed Crazy Yiuf
  1798 | D:3      | Reached skill level 4 in Axes
  1812 | D:3      | Reached XP level 5. HP: 42/47 MP: 4/4
  1817 | D:3      | Identified the +8 dagger of the Pariah {drain, rF+ Will+
                  | Int+2}
  2108 | D:3      | Noticed Terence
  2111 | D:3      | Reached skill level 5 in Axes
  2117 | D:3      | Killed Terence
  2372 | D:3      | Noticed Ijyb
  2384 | D:3      | Killed Ijyb
  2385 | D:3      | Reached XP level 6. HP: 45/53 MP: 3/5
  2499 | D:3      | Killed Crazy Yiuf
  2594 | D:4      | You fall into a shaft and drop 2 floors!
  2616 | D:6      | Reached skill level 6 in Axes
  2630 | D:6      | Reached skill level 5 in Fighting
  2630 | D:6      | Reached skill level 5 in Armour
  2716 | D:6      | Noticed an ice beast
  2721 | D:6      | Killed an ice beast
  2722 | D:6      | Reached XP level 7. HP: 61/61 MP: 6/6
  2903 | D:5      | Entered Level 5 of the Dungeon
  2918 | D:5      | Reached skill level 7 in Axes
  2919 | D:5      | Reached skill level 5 in Shields
  3088 | D:5      | Found a hide-covered altar of Uskayaw.
  3091 | D:5      | Noticed a +0 hand axe
  3091 | D:5      | Noticed a +0 dagger
  3119 | D:5      | Reached skill level 1 in Dodging
  3120 | D:5      | Reached skill level 8 in Axes
  3124 | D:5      | Reached XP level 8. HP: 60/70 MP: 5/7
  3188 | D:4      | Found a staircase to the Ecumenical Temple.
  3203 | D:4      | Noticed Edmund
  3217 | D:4      | Killed Edmund
  3227 | Temple   | Entered the Ecumenical Temple
  3307 | Temple   | Became a worshipper of Gozag Ym Sagoz the Greedy
  4118 | D:5      | Reached skill level 9 in Axes
  4501 | D:5      | Found a hazy altar of Hepliaklqana.
  5227 | D:6      | Identified the +1 chain mail "Buvece" {Regen+ Int+3}
  5817 | D:7      | Reached XP level 9. HP: 77/78 MP: 8/8
  5880 | D:7      | Reached skill level 10 in Axes
  6022 | D:7      | Noticed Maggie
  6040 | D:7      | Killed Maggie
  6253 | D:8      | Noticed Prince Ribbit
  6263 | D:8      | Noticed Grum
  6271 | D:8      | Killed Prince Ribbit
  6272 | D:8      | Reached skill level 11 in Axes
  6281 | D:8      | Killed from afar by a steam dragon

Illustrated notes

Levels and vault maps discovered:
D:1:      giann_bridges, layout_basic, st_stairs_13
D:2:      layout_loops_ring, shapermc_ecumenical_altar_mp_urbaneastern
D:3:      minmay_diamond_boxcup, layout_rooms, uniq_crazy_yiuf_cottage,
          uniq_terence, uniq_ijyb
D:4:      layout_basic, minmay_temple_entry_slanted, uniq_edmund
D:5:      layout_loops_ring, lemuel_crystal_altar, dancing_weapons_uskayaw,
          kennysheep_windowed_goal
D:6:      layout_basic
D:7:      layout_rooms, uniq_maggie
D:8:      layout_cave_pools, enter_bailey_2, uniq_prince_ribbit1, uniq_psyche,
          uniq_grum
Temple:   minmay_crystal_spiral_temple

Skill      XL: |  1  2  3  4  5  6  7  8  9 |
---------------+----------------------------+-----
Fighting       | 4 5 6 7 |  7.9
Armour         | 4 5 7 8 |  8.3
Axes           | 3 4 5 6 8 9 11 | 11.3
Shields        | 4 5 6 |  6.1
Dodging        | 1 2 |  2.9
Stealth        | |  0.7

Action                     |  1- 3 |  4- 6 |  7- 9 || total
---------------------------+-------+-------+-------++-------
  Melee: War axe           |    65 |    96 |   257 ||   418
         Headbutt          |     7 |    13 |    48 ||    68
    Use: Scroll            |     3 |     3 |       ||     6
         Potion            |     1 |       |     1 ||     2
   Stab: Distracted        |       |       |     1 ||     1
 Armour: Scale mail        |     1 |       |       ||     1
         Chain mail        |    39 |    57 |   156 ||   252
  Dodge: Dodged            |    27 |    51 |   129 ||   207
  Block: Buckler           |    18 |    27 |    70 ||   115
